 Dungeon Crawl Stone Soup version 0.17.2-1-ge4368a0 (webtiles) character file.

156 ololoev the Chopper (level 5, 0/41 HPs)
             Began as a Demonspawn Berserker on July 28, 2016.
             Was a Follower of Trog.
             Slain by a centaur (5 damage)
             ... on level 5 of the Dungeon.
             The game lasted 00:04:10 (490 turns).

ololoev the Chopper (Demonspawn Berserker)           Turns: 490, Time: 00:04:11

Health: 0/41       AC:  3    Str: 18    XL:     5   Next: 15%
Magic:  5/5        EV: 17    Int:  8    God:    Trog [*.....]
Gold:   36         SH:  0    Dex: 15    Spells: 0 memorised, 4 levels left

rFire  + . .     SeeInvis .     a - +0 hand axe
rCold  . . .     Clarity  .     b - +0 animal skin
rNeg   . . .     SustAt   .     (no shield)
rPois  .         Gourm    .     f - +0 helmet
rElec  .         Spirit   .     (no cloak)
rCorr  .         Warding  .     (no gloves)
rMut   .         Stasis   .     (no boots)
MR     ++...                    (no amulet)
Stlth  ++........               (no ring)
                                g - +4 ring of evasion

@: exhausted, regenerating, very resistant to hostile enchantments, unstealthy
A: thin skeletal structure 1, fire resistance 1
a: Berserk, Burn Spellbooks, Renounce Religion


Innate Abilities, Weirdness & Mutations

You have a somewhat thin skeletal structure (Dex +2, Stealth).
Your flesh is heat resistant.

Inventory:

Hand Weapons
 a - a +0 hand axe (weapon)
Armour
 b - a +0 animal skin (worn)
 f - a +0 helmet (worn)
Jewellery
 g - a +4 ring of evasion (left hand)
 i - an uncursed ring of wizardry
Wands
 p - a wand of magic darts (39)
Scrolls
 d - a scroll of teleportation {unknown}
 e - a scroll of enchant armour {unknown}
 l - 2 scrolls of identify {unknown}
 n - a scroll of remove curse {unknown}
 o - a scroll of amnesia {unknown}
 q - a scroll of random uselessness {unknown}
Potions
 j - a potion of degeneration {unknown}
 k - 2 potions of heal wounds {unknown}
 m - a potion of might {unknown}
Comestibles
 c - a bread ration
 h - 3 chunks of flesh


   Skills:
 - Level 3.0 Fighting
 * Level 4.2 Axes
 + Level 2.9 Armour
 + Level 2.8 Dodging


You had 4 spell levels left.
You didn't know any spells.


You were on level 5 of the Dungeon.
You worshipped Trog.
Trog was aware of your devotion.
You were not hungry.

You visited 1 branch of the dungeon, and saw 5 of its levels.

You collected 36 gold pieces.

#[# #.# ### #.# #c.
##.###.## ... ... #
#.# #.#####
#..##.###.##..##..##
#....<....c@<......#
#.###.###.##.##.##..
#.# #.##.# #..
#.##.# ### #.##.#
#.##.. #..... ......

Notes
Turn   | Place    | Note
--------------------------------------------------------------
     0 | D:1      | ololoev the Demonspawn Berserker began the quest for the Orb.
     0 | D:1      | Reached XP level 1. HP: 18/18 MP: 1/1
   111 | D:1      | Gained mutation: You have a somewhat thin skeletal structure (Dex +2, Stealth). [demonic ancestry]
   111 | D:1      | Reached XP level 2. HP: 17/24 MP: 2/2
   163 | D:2      | Found a sacrificial altar of Ru.
   234 | D:3      | Reached XP level 3. HP: 19/29 MP: 3/3
   237 | D:3      | Reached ** piety under Trog
   374 | D:4      | Noticed Natasha
   387 | D:4      | Killed Natasha
   387 | D:4      | Reached XP level 4. HP: 35/35 MP: 4/4
   435 | D:4      | Reached skill level 4 in Axes
   460 | D:4      | Gained mutation: Your flesh is heat resistant. [demonic ancestry]
   460 | D:4      | Reached XP level 5. HP: 34/41 MP: 5/5
   470 | D:5      | Entered Level 5 of the Dungeon
   473 | D:5      | Noticed a centaur
   490 | D:5      | Slain by a centaur

Dungeon Overview and Level Annotations

Branches:
Dungeon (5/15)
 Temple: D:4-7

Altars:
Ru


Message History

The centaur is lightly wounded.
The centaur barely misses you. The centaur hits you! The centaur hits you.
You completely miss the centaur.
The centaur is lightly wounded.
The centaur barely misses you. The centaur misses you.
Use which ability? (? or * to list)
Your skin crawls.
You feel resistant to hostile enchantments.
You feel slightly more hungry. The centaur misses you. The centaur misses you.
The centaur barely misses you.
You hit the centaur.
The centaur is heavily wounded.
You feel the effects of Trog's Hand fading.
The centaur closely misses you. x2
You hit the centaur.
The centaur is heavily wounded.
The centaur hits you. The centaur hits you! The centaur barely misses you.
You hit the centaur.
The centaur is heavily wounded.
The centaur barely misses you. x2
You slash the centaur!
The centaur is almost dead.
The centaur misses you. The centaur barely misses you.
You completely miss the centaur.
The centaur is almost dead.
Your skin stops crawling.
You feel less resistant to hostile enchantments.
The centaur misses you. The centaur barely misses you.
The centaur closely misses you.
You barely miss the centaur.
The centaur is almost dead.
You feel yourself speed up. The centaur closely misses you.
The centaur hits you.
Use which ability? (? or * to list)
Your skin crawls.
You feel resistant to hostile enchantments.
You feel slightly more hungry.
You can no longer call upon Trog for regeneration and protection from hostile enchantments.
The centaur hits you.
You die...

You could see a centaur.

Vanquished Creatures
  A giant frog skeleton (D:4)
  An iguana (D:4)
  A worker ant (D:4)
  Natasha (D:4)
  An orc wizard (D:3)
  An adder (D:3)
  A giant gecko (D:2)
  2 orcs (D:3)
  3 giant cockroaches
  3 hobgoblins
  4 kobolds
  A quokka (D:3)
  2 giant newts
  4 rats
26 creatures vanquished.

Action                   |  1- 3 |  4- 6 || total
-------------------------+-------+-------++-------
Melee: Hand axe          |    66 |    25 ||    91
Invok: Berserk           |     4 |     1 ||     5
       Trog's Hand       |     1 |     3 ||     4
 Stab: Sleeping          |     3 |       ||     3
  Eat: Chunk             |     2 |     2 ||     4

Vault maps used:
D:1:      grunt_arrival_lava_bath
D:2:      lemuel_crystal_altar, marbit_many_paths, overflow_temple_1_default
D:3:      first_bread
D:4:      cheibriados_altar_1, elyvilon_altar_5, grunt_ministairs_15,
          uniq_natasha
D:5:      wad_pebble_path, grunt_temple_overflow_gold_and_silver,
          lemuel_crystal_altar, minivault_19, uniq_menkaure, uniq_sigmund,
          uniq_pikel, uniq_duvessa
